 Dungeon Crawl Stone Soup version 0.31-a0-1027-gfb7600b534 (webtiles) character file.

Game seed: 5669214818012827703

503351 nado the Slayer (level 24, -4/367 HPs)
             Began as a Minotaur Fighter on Nov 18, 2023.
             Was the Champion of Okawaru.
             Slain by a vampire knight
             ... wielding a +0 long sword
              (22 damage)
             ... on level 2 of the Crypt on Nov 19, 2023.
             The game lasted 05:06:40 (73021 turns).

nado the Slayer (Minotaur Fighter)                 Turns: 73021, Time: 05:06:40

Health: -4/367     AC: 32    Str: 23    XL:     24   Next: 8%
Magic:  3/29       EV:  2    Int:  5    God:    Okawaru [******]
Gold:   3634       SH: 35    Dex: 26    Spells: 21/23 levels left

rFire   + + +        Y - +8 eudemon blade (holy)
rCold   . . .        R - +2 tower shield {reflect}
rNeg    + . .        s - melded +10 crystal plate armour {rare}
rPois   +            (helmet currently unavailable)
rElec   .            Z - melded +2 cloak {Will+}
rCorr   .            M - melded +0 pair of gloves {infuse}
SInv    .            V - melded +4 pair of boots of Untruth {rPois rF- rC+++ Dex+2}
Will    +....        e - amulet "Atevycaa" {Reflect rF++ SH+5}
Stlth   ++++         z - ring of Jeimp {rF+ EV+5 Dex+4}
HPRegen 0.81/turn    E - ring "Xuj Additao" {rN+ Dex+6}
MPRegen 0.21/turn

%: reflection
@: tree-form, heroic, studying Polearms
A: stationary, stasis, torment immunity, boosted hp, (horns 2), (retaliatory
headbutt), dopey 1, weak 1, (cold vulnerability 1)
}: 2/15 runes: decaying, serpentine
a: Renounce Religion, Heroism, Finesse, Duel


You were on level 2 of the Crypt.
You worshipped Okawaru.
Okawaru was exalted by your worship.
You were a tree.
You visited 10 branches of the dungeon, and saw 44 of its levels.
You visited the Abyss 1 time.
You also visited: Bailey.

You collected 5910 gold pieces.
You spent 2276 gold pieces at shops.


Innate Abilities, Weirdness & Mutations

You are a tree.
Your roots penetrate the ground, keeping you stationary.
You cannot be teleported.
You are immune to unholy pain and torment.
Your maximum health is greatly increased.
Your equipment is partially melded.
((You have a pair of horns on your head.))
((You reflexively headbutt those who attack you in melee.))
You are dopey. (Int -2)
You are weak. (Str -2)
((You are vulnerable to cold. (rC-)))


   Skills:
 * Level 25.9(27) Fighting
 - Level 14.0(19.0) Long Blades
 + Level 18.2(23.2) Throwing
 + Level 23.2(27) Armour
 - Level 15.0(20.0) Dodging
 - Level 3.0(8.0) Stealth
 + Level 23.0(27) Shields
 - Level 3.0 Translocations
 - Level 10.0 Invocations
 - Level 7.0 Evocations


You had 21 spell levels left.
You knew the following spells:

 Your Spells              Type           Power      Damage    Failure   Level
b - Blink                 Tloc           6%         N/A       24%         2

Your spell library contained the following spells:

 Spells                   Type           Power      Damage    Failure   Level
 Apportation              Tloc           6%         N/A       16%         1
 Lesser Beckoning         Tloc           6%         N/A       24%         2
 Momentum Strike          Conj/Tloc      2%         3d8       41%         2
 Gell's Gravitas          Tloc           3%         N/A       43%         3
 Teleport Other           Tloc           3%         N/A       43%         3
 Kiss of Death            Conj/Necr      0%         2d5       47%         1
 Sandblast                Erth           0%         2d4       47%         1
 Slow                     Hex            0%         N/A       47%         1
 Cigotuvi's Dreadful Rot  Necr/Pois/Air  0%         N/A       63%         2
 Ensorcelled Hibernation  Hex/Ice        0%         N/A       63%         2
 Jinxbite                 Hex            0%         N/A       63%         2
 Passwall                 Tmut/Erth      0%         N/A       63%         2
 Sublimation of Blood     Necr           0%         N/A       63%         2
 Wereblood                Tmut           0%         N/A       63%         2
 Volatile Blastmotes      Fire/Tloc      2%         2d10      65%         3
 Manifold Assault         Tloc           3%         N/A       83%         4
 Confusing Touch          Hex            0%         N/A       85%         3
 Ignite Poison            Fire/Tmut/Pois 0%         N/A       85%         3
 Ozocubu's Armour         Ice            0%         N/A       85%         3
 Sigil of Binding         Hex            0%         N/A       85%         3
 Stone Arrow              Conj/Erth      0%         3d7       85%         3
 Vampiric Draining        Necr           0%         2d6       85%         3
 Iskenderun's Mystic Bla  Conj/Tloc      1%         2d3       96%         4
 Anguish                  Hex/Necr       0%         N/A       99%         4
 Brom's Barrelling Bould  Conj/Erth      0%         2d3       99%         4
 Dispel Undead            Necr           0%         3d6       99%         4
 Fulminant Prism          Conj/Hex       0%         3d5       99%         4
 Leda's Liquefaction      Hex/Erth       0%         N/A       99%         4
 Alistair's Intoxication  Tmut/Pois      0%         N/A       100%        5
 Arcjolt                  Conj/Air       0%         1d10      100%        5
 Borgnjor's Vile Clutch   Necr/Erth      0%         N/A       100%        5
 Fireball                 Conj/Fire      0%         3d3       100%        5
 Freezing Cloud           Conj/Ice/Air   0%         6-21      100%        5
 Iskenderun's Battlesphe  Conj           0%         2d6       100%        5
 Lee's Rapid Deconstruct  Erth           0%         3d4*      100%        5
 Metabolic Englaciation   Hex/Ice        0%         N/A       100%        5
 Bombard                  Conj/Erth      0%         9d1       100%        6
 Conjure Ball Lightning   Conj/Air       0%         3x3d6     100%        6
 Dispersal                Tloc           1%         N/A       100%        6
 Eringya's Noxious Bog    Tmut/Pois      0%         4d6       100%        6
 Orb of Destruction       Conj           0%         9d5       100%        7
 Borgnjor's Revivificati  Necr           0%         N/A       100%        8
 Discord                  Hex            0%         N/A       100%        8
 Disjunction              Tloc           1%         N/A       100%        8
 Chain Lightning          Conj/Air       0%         N/A       100%        9
 Death's Door             Necr           0%         N/A       100%        9
 Fire Storm               Conj/Fire      0%         5d1       100%        9
 Shatter                  Erth           0%         3d5*      100%        9
 Animate Dead             Necr           Unusable   N/A       N/A         4
 Summon Forest            Summ/Tloc      Unusable   N/A       N/A         5
 Death Channel            Necr           Unusable   N/A       N/A         6
 Simulacrum               Ice/Necr       Unusable   N/A       N/A         6
 Haunt                    Necr/Summ      Unusable   N/A       N/A         7
 Malign Gateway           Summ/Tloc      Unusable   N/A       N/A         7
 Spellforged Servitor     Conj/Summ      Unusable   N/A       N/A         7
 Summon Hydra             Summ           Unusable   N/A       N/A         7
 Summon Horrible Things   Summ           Unusable   N/A       N/A         8

Inventory:

Hand Weapons
 a - a +4 scimitar of flaming
   (You took it off an efreet on level 14 of the Dungeon)
 J - a +9 demon blade of freezing
   (You acquired it on level 11 of the Dungeon)
 Y - a +8 eudemon blade of holy wrath (weapon)
   (You took it off a daeva on level 3 of the Vaults)
Missiles
 p - 20 curare-tipped darts {=f}
 D - 17 atropa-tipped darts
 I - 12 boomerangs
 K - 5 datura-tipped darts
 S - 6 javelins
 W - 29 silver javelins (quivered)
Armour
 s - a +10 crystal plate armour (melded) {rare}
   (You took it off Donald on level 2 of the Orcish Mines)
 M - a +0 pair of gloves of infusion (melded)
   (You found it on level 5 of the Lair of Beasts)
 R - a +2 tower shield of reflection (worn)
   (You took it off a naga warrior on level 3 of the Snake Pit)
 V - the +4 pair of boots of Untruth (melded) {rPois rF- rC+++ Dex+2}
   (You bought it in a shop on level 2 of the Elven Halls)

   Dex+2:     It affects your dexterity (+2).
   rF-:       It makes you vulnerable to fire.
   rC+++:     It renders you almost immune to cold.
   rPois:     It protects you from poison
 Z - a +2 cloak of willpower (melded)
   (You found it on level 11 of the Dungeon)
Jewellery
 e - the amulet "Atevycaa" (around neck) {Reflect rF++ SH+5}
   (You bought it in a shop on level 2 of the Orcish Mines)

   [amulet of reflection]

   Reflect:   It reflects blocked missile attacks.
   rF++:      It greatly protects you from fire.
   SH+5:      It affects your SH (+5).
 z - the ring of Jeimp (left branch) {rF+ EV+5 Dex+4}
   (You found it on level 2 of the Snake Pit)

   [ring of evasion]

   EV+5:      It affects your evasion (+5).
   Dex+4:     It affects your dexterity (+4).
   rF+:       It protects you from fire.
 E - the ring "Xuj Additao" (right branch) {rN+ Dex+6}
   (You found it on level 4 of the Vaults)

   [ring of dexterity]

   Dex+6:     It affects your dexterity (+6).
   rN+:       It protects you from negative energy.
 L - a ring of flight
   (You found it on level 8 of the Dungeon)
 P - a ring of poison resistance
   (You found it on level 1 of the Crypt)
Wands
 r - a wand of iceblast (37)
   (You found it on level 3 of the Lair of Beasts)
 x - a wand of charming (4)
   (You found it on level 1 of the Crypt)
 y - a wand of digging (21)
   (You found it on level 11 of the Dungeon)
 F - a wand of light (32)
   (You took it off Pikel on level 4 of the Dungeon)
 H - a wand of mindburst (11)
   (You found it on level 14 of the Dungeon)
 X - a wand of flame (86)
   (You found it on level 11 of the Dungeon)
Scrolls
 f - 9 scrolls of immolation {!r!r}
 g - 2 scrolls of fear
 h - 7 scrolls of teleportation {@r4}
 i - a scroll of identify {@r1}
 j - 7 scrolls of fog
 k - 8 scrolls of blinking {!r}
 u - 3 scrolls of silence {!r}
 B - 4 scrolls of brand weapon
 G - 3 scrolls of vulnerability {!r!r}
 O - 4 scrolls of poison {!r}
 Q - 3 scrolls of revelation
Potions
 b - 3 potions of cancellation
 c - 4 potions of berserk rage {!q}
 d - 5 potions of invisibility
 l - a potion of resistance
 m - 9 potions of lignification {!q}
 n - 9 potions of brilliance
 o - 9 potions of attraction {!q}
 q - 13 potions of enlightenment
 t - 8 potions of haste {@q3}
 v - 7 potions of might
 w - 7 potions of curing {@q1}
 A - 9 potions of heal wounds {@q2}
 T - 4 potions of magic
 U - 2 potions of ambrosia
Miscellaneous
 N - a tin of tremorstones (2/2)
   (You found it on level 12 of the Dungeon)

Dungeon Overview and Level Annotations

Branches:
Dungeon (15/15) Zot: 25689  Temple (1/1) D:5 Zot: 5942    Lair (5/5) D:11 Zot: 22281
  Swamp (4/4) Lair:2 Zot: 17170   Snake (4/4) Lair:2 Zot: 15153   Slime (0/5) Lair:5
    Orc (2/2) D:12 Zot: 9590     Elf (3/3) Orc:2 Zot: 12368  Vaults (4/5) D:13 Zot: 16044
  Crypt (2/3) Vaults:3 Zot: 10397  Depths (4/4) D:15 Zot: 15953     Zot (0/5) Depths:4
 Bailey (visited)

Altars:
Ashenzari
Cheibriados
Dithmenos
Elyvilon
Fedhas
Gozag
Hepliaklqana
Kikubaaqudgha
Makhleb
Nemelex Xobeh
Okawaru
Qazlal
Ru
Sif Muna
Trog
Uskayaw
Vehumet
Wu Jian
Xom
Yredelemnul
Zin
The Shining One
Jiyva

Shops:
D:3 *   D:8 *   D:12 (=   Orc:2 =*:(*   Elf:2 [   Elf:3 [   Snake:2 [*?
Vaults:1 [   Vaults:3 =   Vaults:4 *

Portals:
Hell: Depths:1 Depths:2 Depths:3 Depths:4
Abyss: Depths:3
Pandemonium: Depths:2
Ziggurat: Depths:3

Annotations:
D:3 exclusion: oklob plant
D:11 3 runed translucent doors, Azuvok's ghost, journeyman MiHu
D:13 1 runed translucent door, exclusion: orange crystal statue
Lair:2 2 transporters, ongoing's ghost, journeyman DgGl
Orc:1 3 runed translucent doors, Pimuatov's ghost, journeyman HuCj
Depths:2 1 runed translucent door, Dikisett's ghost, veteran GrCj

#....#....##.#...# #....
......#.#..###..#.#.## #...[
[..........####.##.#.#.####....
.....##.........##.#.#.#....###
.............#####.#.#.#.##.###
......#..#.[..####.#.#.......>#
.... .#.....z....#.#.#........#
.(.(...z.{).#8###........#
....3....)♣..#####........#
....###+###...............#
##.# ##..............# .#
##.............#
#.............# ##......#..####
#...#...#.# #######.#.# ## #


You could see 2 skeletal warriors and a soul eater.


Message History

Something hits you but does no damage. Something bites you.
* * * LOW HITPOINT WARNING * * *
Something draws strength from your injuries!
You block the skeletal warrior's attack. x2 😱 HP[-1]
You take 1 damage, and now have 38/245 hp.
You hit something but do no damage.
You block something's attack. x2 😱 MP[-1]
You lost 1 mp, and now have 2/29 mp.
You hit something. You headbutt something.
You block the skeletal warrior's attack.
You hear some strange, mumbled words.
You suddenly lose the ability to move!
Something hits you but does no damage. Something bites you but does no damage.
The skeletal warrior hits you but does no damage.
You are poisoned.
The skeletal warrior hits you but does no damage.
You feel sick. Something completely misses you.
Something bites you but does no damage.
The skeletal warrior hits you from afar with a +0 trident!
* * * LOW HITPOINT WARNING * * *
The skeletal warrior hits you but does no damage. x2
Something hits you but does no damage. Something bites you.
* * * LOW HITPOINT WARNING * * *
Something draws strength from your injuries!
You feel sick. Something hits you but does no damage.
Something bites you but does no damage.
The skeletal warrior hits you but does no damage. x4
You feel sick.
You hear some strange, mumbled words.
Something tries to affect you, but you resist.
The skeletal warrior hits you but does no damage. x3
Something hits you!
* * * LOW HITPOINT WARNING * * *
Something bites you but does no damage.
You feel sick. Something hits you but does no damage.
Something bites you but does no damage.
The skeletal warrior hits you but does no damage. x4
You can move again. 😱 HP[-24]
You take 24 damage, and now have 14/245 hp.
You feel better. Something hits you but does no damage.
Something bites you but does no damage.
You block the skeletal warrior's attack. x3
Something hits you but does no damage. You block something's attack. 😱 HP[+7]
You regained 7 hp, and now have 21/245 hp.
You feel much better. Something hits you!
* * * LOW HITPOINT WARNING * * *
Something bites you but does no damage.
You block the skeletal warrior's attack. x3
The skeletal warrior closely misses you. 😱 HP[+3]
You regained 3 hp, and now have 24/245 hp.
You turn into a tree.
Your +2 cloak of willpower melds into your body.
Your +0 pair of gloves of infusion melds into your body.
The +4 pair of boots of Untruth {rPois rF- rC+++ Dex+2} melds into your body.
Your +10 crystal plate armour {rare} melds into your body.
You feel less strong-willed.
You feel magic leave your hands.
Your roots penetrate the ground.
Something hits you but does no damage. You block something's attack.
You block the skeletal warrior's attack.
The skeletal warrior hits you but does no damage.
You block the skeletal warrior's attack. x2
You hear some strange, mumbled words.
Something tries to affect you, but you resist. 😱 HP[+12] MP[+1]
You now have 367 max hp (+122).
You regained 12 hp, and now have 36/367 hp.
You cannot move.
You cannot move.
You closely miss the skeletal warrior. 😱 HP[+1]
You slice the skeletal warrior!!
You destroy the skeletal warrior!
Okawaru accepts your kill. Okawaru grants you throwing weapons!
Something appears at your feet! Something hits you but does no damage.
Something bites you but does no damage.
You block the skeletal warrior's attack. x2
You cannot move.
You slash the skeletal warrior!
The skeletal warrior convulses!!
Something hits you!!
* * * LOW HITPOINT WARNING * * *
You block something's attack.
You block the skeletal warrior's attack. x2 😱 HP[-20]
You take 20 damage, and now have 17/367 hp.
You closely miss the skeletal warrior. Something hits you but does no damage.
Something bites you but does no damage.
You slash the skeletal warrior!
The skeletal warrior convulses!
Something hits you but does no damage. You block something's attack.
You block the skeletal warrior's attack. x3 😱 HP[+1]
You slash the skeletal warrior!
You destroy the skeletal warrior!
Okawaru accepts your kill. Something hits you!!
You die...

Skill      XL: |  1  2  3  4  5  6  7  8  9 10 11 12 13 14 15 16 17 18 19 20 21 22 23 24 |
---------------+-------------------------------------------------------------------------+-----
Long Blades    | 3 4 6 7 9 11 14 | 14.0
Fighting       | 4 5 6 7 9 10 12 13 14 15 16 18 20 21 22 24 25 | 25.9
Shields        | 8 12 13 15 18 20 21 22 23 | 23.0
Invocations    | 4 5 8 10 | 10.0
Stealth        | 1 3 |  3.0
Dodging        | 1 4 5 6 8 10 11 12 13 15 | 15.0
Armour         | 4 6 8 10 11 14 15 16 19 20 21 22 23 | 23.2
Evocations     | 1 3 4 6 7 |  7.0
Translocations | 3 |  3.0
Throwing       | 6 7 8 10 11 13 15 16 17 18 | 18.2

Action                     |  1- 3 |  4- 6 |  7- 9 | 10-12 | 13-15 | 16-18 | 19-21 | 22-24 || total
---------------------------+-------+-------+-------+-------+-------+-------+-------+-------++-------
  Melee: Long sword        |    78 |    78 |   310 |       |       |       |       |       ||   466
         Headbutt          |     8 |    17 |    64 |   164 |   431 |   369 |   515 |   512 ||  2080
         Morningstar       |       |       |     3 |    86 |       |       |       |       ||    89
         Scimitar          |       |       |       |   675 |  1052 |   108 |       |       ||  1835
         Demon blade       |       |       |       |       |   628 |  1331 |  1648 |  1376 ||  4983
         Eudemon blade     |       |       |       |       |       |       |       |   134 ||   134
  Throw: Stone             |       |       |    56 |    23 |       |       |       |       ||    79
         Dart              |       |       |       |    21 |       |     5 |       |       ||    26
         Boomerang         |       |       |       |    16 |    82 |   257 |   115 |       ||   470
         Javelin           |       |       |       |     5 |    23 |    57 |    79 |    10 ||   174
 Invoke: Heroism           |       |       |       |    21 |    16 |    14 |    25 |    10 ||    86
         Finesse           |       |       |       |     1 |     2 |     2 |     1 |     1 ||     7
         Receive Weapon    |       |       |       |       |       |     1 |       |       ||     1
         Receive Armour    |       |       |       |       |       |     1 |       |       ||     1
  Evoke: Wand              |       |       |       |    25 |    11 |     1 |       |       ||    37
    Use: Potion            |       |     2 |     4 |     1 |     1 |     4 |     2 |     3 ||    17
         Scroll            |       |     6 |       |    14 |    18 |    14 |     6 |     8 ||    66
   Stab: Invisible         |       |       |       |     1 |       |       |       |       ||     1
         Petrified         |       |       |       |       |     1 |       |       |       ||     1
         Paralysed         |       |       |       |       |     1 |       |       |       ||     1
         Confused          |       |       |       |       |       |     3 |       |       ||     3
 Armour: Scale mail        |    63 |    46 |   101 |       |       |       |       |       ||   210
         Fire dragon scale |       |       |    65 |   353 |   434 |       |       |       ||   852
         Crystal plate arm |       |       |       |       |    82 |   648 |   568 |   617 ||  1915
         Skin              |       |       |       |       |       |       |    25 |     9 ||    34
  Dodge: Dodged            |    48 |    43 |   184 |   259 |   444 |   407 |   604 |   468 ||  2457
  Block: Buckler           |    15 |     9 |    48 |       |       |       |       |       ||    72
         Tower shield      |       |       |    13 |   848 |  2076 |  1999 |  1911 |  1997 ||  8844
         Reflection        |       |       |       |       |   114 |   199 |   135 |    13 ||   461

Levels and vault maps discovered:
D:1:      onia_arrival_pyramid, layout_basic
D:2:      layout_loops_ring
D:3:      layout_basic, mainiacjoe_overflow_24_doors, tgw_fedhas,
          nicolae_overflow_squiral, chequers_ecumenical_altar_grove,
          serial_shops, nicolae_shop_window_shopping
D:4:      layout_loops_corners, ebering_ghost_rock_garden, uniq_sigmund,
          uniq_eustachio
D:5:      kennysheep_spiral_hall, layout_layer_cave, minmay_temple_entry_trees,
          kennysheep_generic_room_11, uniq_blork_the_orc, uniq_pikel
D:6:      layout_loops_ring, general_overflow_altar,
          nicolae_overflow_hidden_temple, uniq_maggie, uniq_duvessa
D:7:      layout_loops_ring, grunt_gozag_statues, minmay_between,
          uniq_prince_ribbit1
D:8:      layout_layer_cave, kennysheep_mini_moat, serial_shops,
          nicolae_shop_pleasant_corner_grove, kennysheep_kite_vault,
          uniq_jeremiah, uniq_amaemon, uniq_erica
D:9:      layout_loops_ring, mainiacjoe_overflow_cross_hatched,
          mainiacjoe_overflow_chevrons
D:10:     layout_loops_ring, grunt_temple_overflow_champion_of_chaos,
          enter_bailey_2, uniq_nergalle
D:11:     layout_cross, minmay_lair_entry_grove, gammafunk_ghost_ooze,
          hangedman_decor_clover_reticule, minmay_rotating_lava
D:12:     layout_basic, david_orc_2, serial_shops, nicolae_shop_gaudy_bauble,
          nicolae_stop_n_shop_1, drop_trap, nicolae_ru_great_annihilating_truth
D:13:     layout_long_grid, lightli_vaults_fourway_checkpoint,
          minmay_crystal_box, uniq_rupert
D:14:     layout_basic, serial_glass, glass_columns_b, glass_columns_b,
          nicolae_elevator_lobby_asterisk
D:15:     hangedman_depths_entry_try_elsewhere_first, layout_rooms
Temple:   nicolae_temple_colour_theory
Lair:1:   wander_river, layout_regular_city, gauntlet_entry_generic,
          basic_altar, ldierk_geyser, nicolae_lair_run_with_the_wolves,
          uniq_urug
Lair:2:   layout_small_grid, swamp_mist_pool, dummy_snake_entry,
          gammafunk_ghost_hive, grunt_megastairs_3
Lair:3:   layout_loops_ring, nicolae_quartered_pool_super,
          infiniplex_staircase_pool
Lair:4:   dragon1_lemuel, layout_misc_corridors, cheibrodos_lair_lostbears
Lair:5:   grunt_lair_end_beastmaster, layout_cave_pods,
          nicolae_slime_entry_field_trip, grunt_megastairs_5
Swamp:1:  layout_basic_swamp, evilmike_swamp_ruin_house_6, swamp_pool_1_2,
          st_shrine_of_shade
Swamp:2:  layout_basic_swamp, evilmike_swamp_ruin_rubble_1, swamp_pool_1_2
Swamp:3:  layout_falls_marsh, nicolae_swamp_reclaimed_castle
Swamp:4:  swamp_old_school, layout_basic_swamp, uniq_kirke
Snake:1:  layout_grid_maze, grunt_ministairs_2, uniq_aizul
Snake:2:  gammafunk_its_a_trap, layout_basic, serial_shops, shop,
          minmay_shoptagon, uniq_nikola, uniq_jorgrun, uniq_vashnia,
          uniq_saint_roka
Snake:3:  nicolae_snake_crotalidae_crossing, layout_gridlike,
          nrook_guardian_serpent_ordinary
Snake:4:  grunt_snake_rune_serpentine_throne, layout_rooms,
          serial_bayou_shore_a, serial_bayou_shore_b
Orc:1:    layout_diamond_mine, gammafunk_ghost_split, uniq_sonja
Orc:2:    st_orc_rangers, layout_caves, serial_shops, shop,
          portal_ice_cave_entry_pillars_1, mines2_david, uniq_donald
Elf:1:    layout_onion_city, hangedman_elven_crosses_minicolossus
Elf:2:    nicolae_elf_blades_splatter_lattice
          [nicolae_blade_entry_area_security], layout_geoelf_grid, serial_shops,
          shop
Elf:3:    elf_hall, layout_gridlike, serial_shops, shop, basic_altar,
          corexii_leaking_fountain, minivault_27
Vaults:1: nicolae_vaults_closet_pinwheel_1, vaults_room_grunt_arrival_ludios,
          v_misc_22, nicolae_vaults_storage_closets_3,
          vaults_mumra_chevron_long, vaults_mumra_bighexcomb,
          ontoclasm_vaults_twist, nicolae_vaults_closet_pinwheel_2,
          ontoclasm_vaults_loading_screen, hangedman_vaults_pinch,
          nicolae_vaults_circle_grid_b, v_misc_2,
          nicolae_vaults_layer_cake_slice, nicolae_vaults_trapezoid_2,
          nicolae_vaults_hexular_roomagon, ontoclasm_vaults_idyll,
          layout_vaults_maze_bifur, serial_shops, shop
Vaults:2: nicolae_vaults_closet_pinwheel_5, nicolae_vaults_display_case,
          nicolae_vaults_weapon_check, nicolae_vaults_meiosis,
          vaults_room_ringed_pool, vaults_room_door_hall, nicolae_vaults_heist,
          hangedman_vaults_nails, nicolae_vaults_offset_grid_hallway_4,
          nicolae_vaults_apartment_2, layout_vaults_ring
Vaults:3: nicolae_vaults_three_branches, v_misc_24, wander_protected_by_tso,
          ontoclasm_vaults_ligature, nicolae_vaults_frosty_reception,
          minmay_crypt_entry_simple_sparse, ontoclasm_vaults_eye,
          vaults_mumra_hex, nicolae_vaults_asterisk, layout_vaults_omnicross,
          serial_shops, nicolae_shop_just_a_little_nook
Vaults:4: nicolae_vaults_six-pack, v_rooms_1, hangedman_vaults_corner,
          nicolae_vaults_sesquioval_fish, minmay_orc_keep, v_misc_3,
          grunt_vaults_diagonal, layout_vaults_quadrants, serial_shops,
          nicolae_shop_stone
Crypt:1:  layout_gridlike, serial_co_window_serial, co_window_paths_b,
          co_window_paths_a, co_window_corner_a, co_window_paths_a,
          co_window_paths_a, co_window_corner_a, co_window_broadway_b,
          co_window_of_opportunity_c, co_window_of_opportunity_c,
          glass_columns_b, glass_columns_a
Crypt:2:  layout_rooms, minmay_misc_feat_alley,
          serial_library_hellmonk_double_dead_end, grunt_megastairs_2,
          uniq_bai_suzhen, uniq_khufu
Depths:1: layout_honeycomb, xom_teletrap_fun, grunt_hell_entry_dis_grunt,
          minmay_fractal_squares_gapless_7, uniq_asterion
Depths:2: minmay_swirls_squares, layout_gridlike, pan_entry,
          pf_hell_entry_great_geh, muffindrake_ghost_three_little_ghosts,
          nicolae_kikubaaqudgha_miasma_corner, amcnicky_mini_pool_small
Depths:3: evilmike_diamond_1, layout_basic, enter_ziggurat_f, pf_coc_iceberg,
          hangedman_abyss_entry_splay, uniq_enchantress
Depths:4: grunt_twist_and_shout, layout_gridlike, hell_entry, serial_shops,
          bzr_entry_safe, grunt_ministairs_2, lemuel_statue_altar,
          chequers_serial_rivers_micro_c, drop_trap

Notes
Turn   | Place    | Note
-------+----------+-------------------------------------------
     0 | D:1      | nado the Minotaur Fighter began the quest for the Orb.
     0 | D:1      | Reached XP level 1. HP: 19/19 MP: 0/0
     0 | D:1      | magus.rc [v1.11.6]
   166 | D:1      | Reached skill level 3 in Long Blades
   171 | D:1      | Reached XP level 2. HP: 25/25 MP: 1/1
   393 | D:1      | Reached skill level 4 in Fighting
   899 | D:2      | Reached XP level 3. HP: 33/33 MP: 2/2
  1432 | D:3      | Reached skill level 4 in Long Blades
  1439 | D:3      | Found a hide-covered altar of Uskayaw.
  1440 | D:3      | Found a glowing golden altar of the Shining One.
  1525 | D:3      | Reached XP level 4. HP: 21/41 MP: 3/3
  1717 | D:3      | You add the spells Sandblast, Passwall, Stone Arrow and
                  | Brom's Barrelling Boulder to your library.
  1800 | D:3      | Found a shadowy altar of Dithmenos.
  2237 | D:3      | Found a faded altar of an unknown god.
  2322 | D:3      | Found Xidev's General Store.
  2330 | D:3      | Bought a potion of curing for 36 gold pieces
  2330 | D:3      | Bought a scroll of teleportation for 36 gold pieces
  2409 | D:3      | Found a blossoming altar of Fedhas.
  2449 | D:3      | Noticed an oklob plant
  2695 | D:4      | You fall into a shaft and drop 1 floor!
  2695 | D:5      | Entered Level 5 of the Dungeon
  2721 | D:5      | Reached skill level 5 in Long Blades
  2731 | D:5      | Found a staircase to the Ecumenical Temple.
  2747 | Temple   | Entered the Ecumenical Temple
  2873 | D:4      | Noticed Eustachio
  2878 | D:4      | Killed Eustachio
  2879 | D:4      | Reached skill level 5 in Fighting
  2879 | D:4      | Reached skill level 6 in Long Blades
  2879 | D:4      | Reached XP level 5. HP: 48/48 MP: 4/4
  3224 | D:4      | Noticed Sigmund
  3313 | D:4      | HP: 11/48 [something/magic dart (6)]
  3461 | D:4      | Killed Sigmund
  3462 | D:4      | Reached skill level 6 in Fighting
  3462 | D:4      | Reached skill level 7 in Long Blades
  3462 | D:4      | Reached XP level 6. HP: 51/57 MP: 5/5
  3603 | D:4      | Noticed kuniqs's ghost (amateur AtGl)
  3612 | D:4      | Found a runed translucent gate.
  3612 | D:4      | Found a runed translucent gate.
  3615 | D:4      | Found a runed translucent gate.
  3880 | D:4      | Killed kuniqs's ghost
  3881 | D:4      | Reached XP level 7. HP: 21/64 MP: 6/6
  3881 | D:4      | HP: 15/64 [poisoned by kuniqs's ghost]
  4301 | D:5      | Reached skill level 8 in Long Blades
  4412 | D:5      | Noticed Pikel
  4514 | D:4      | HP: 11/64 [Pikel/bolt of light (8)]
  4515 | D:4      | Killed Pikel
  4516 | D:4      | Reached skill level 7 in Fighting
  4516 | D:4      | Reached skill level 9 in Long Blades
  4516 | D:4      | Reached XP level 8. HP: 13/73 MP: 7/7
  4952 | D:5      | Noticed Blork the orc
  4968 | D:5      | Killed Blork the orc
  4969 | D:5      | Reached skill level 10 in Long Blades
  5140 | D:5      | Reached skill level 8 in Fighting
  5706 | D:5      | HP: 18/75 [poisoned by a water moccasin]
  6366 | D:6      | Noticed Maggie
  6384 | D:6      | Reached skill level 11 in Long Blades
  6389 | D:6      | HP: 17/75 [Maggie/bolt of fire (13)]
  6397 | D:6      | Killed Maggie
  6675 | D:6      | Found a stormy altar of Qazlal.
  6729 | D:6      | Reached skill level 9 in Fighting
  6749 | D:6      | Reached XP level 9. HP: 76/83 MP: 8/8
  6875 | D:6      | Reached skill level 12 in Long Blades
  7046 | D:6      | Noticed Duvessa
  7046 | D:6      | Noticed Dowan
  7059 | D:6      | Killed Duvessa
  7062 | D:6      | Killed Dowan
  7157 | D:6      | Found a bloodstained altar of Trog.
  7243 | D:6      | Found a shimmering blue altar of Sif Muna.
  7245 | D:6      | Found an iron altar of Okawaru.
  8018 | D:7      | HP: 21/85 [poisoned by a killer bee]
  8021 | D:7      | Reached skill level 10 in Fighting
  8021 | D:7      | Reached skill level 13 in Long Blades
  8299 | D:6      | Became a worshipper of Warmaster Okawaru
  8357 | D:7      | Found an opulent altar of Gozag.
  8370 | D:7      | Noticed Prince Ribbit
  8394 | D:7      | Killed Prince Ribbit
  9003 | D:7      | Reached skill level 14 in Long Blades
  9003 | D:7      | Reached XP level 10. HP: 88/94 MP: 9/9
  9036 | D:7      | Reached skill level 4 in Shields
  9046 | D:7      | Reached * piety under Okawaru
  9211 | D:7      | Reached skill level 1 in Invocations
  9306 | D:7      | Reached skill level 5 in Shields
  9563 | D:8      | Noticed an orange demon
  9708 | D:8      | Noticed Amaemon
  9710 | D:8      | Killed an orange demon
  9710 | D:8      | Noticed Erica
  9711 | D:8      | Reached skill level 11 in Fighting
  9711 | D:8      | Reached skill level 2 in Invocations
  9823 | D:7      | Killed Erica
  9824 | D:7      | Reached skill level 6 in Shields
  9837 | D:7      | Killed Amaemon
  9837 | D:7      | Reached ** piety under Okawaru
  9838 | D:7      | Reached skill level 7 in Shields
  9838 | D:7      | Reached skill level 3 in Invocations
 10235 | D:8      | Noticed Jeremiah
 10478 | D:8      | Killed Jeremiah
 10661 | D:7      | Reached skill level 8 in Shields
 10994 | D:8      | Found a snail-covered altar of Cheibriados.
 11088 | D:8      | Reached skill level 4 in Invocations
 11370 | D:8      | Found Daeroga's General Store.
 11524 | D:9      | Noticed an orange demon
 11535 | D:9      | Noticed an orange demon
 11686 | D:9      | Noticed a two-headed ogre
 11697 | D:9      | Killed a two-headed ogre
 11698 | D:9      | Reached skill level 12 in Fighting
 11698 | D:9      | Reached XP level 11. HP: 90/104 MP: 8/13
 11715 | D:9      | Reached skill level 9 in Shields
 11772 | D:9      | Reached *** piety under Okawaru
 11795 | D:9      | Found an ancient bone altar of Kikubaaqudgha.
 11865 | D:9      | Found a broken altar of Ashenzari.
 11992 | D:9      | You add the spells Ozocubu's Armour and Metabolic
                  | Englaciation to your library.
 12400 | D:10     | Entered Level 10 of the Dungeon
 12549 | D:10     | Found a shimmering altar of Xom.
 12549 | D:10     | Found a burning altar of Makhleb.
 12686 | D:10     | Noticed Nergalle
 12695 | D:10     | Killed Nergalle
 12696 | D:10     | Reached skill level 5 in Invocations
 12732 | D:10     | Found a flagged portal.
 12739 | Bailey   | Entered a bailey
 12763 | Bailey   | Reached skill level 10 in Shields
 12909 | Bailey   | Reached **** piety under Okawaru
 12956 | Bailey   | Noticed a vault guard
 12969 | Bailey   | Killed a vault guard
 12970 | Bailey   | Reached skill level 11 in Shields
 13084 | Bailey   | Noticed a vault guard
 13090 | Bailey   | Reached skill level 13 in Fighting
 13102 | Bailey   | Killed a vault guard
 13251 | D:10     | Reached skill level 12 in Shields
 13540 | D:10     | Reached skill level 1 in Stealth
 13560 | D:10     | Reached skill level 1 in Dodging
 13651 | D:11     | Noticed a glowing orange brain
 13651 | D:11     | Noticed Azuvok's ghost (journeyman MiHu)
 13651 | D:11     | Found a runed translucent gate.
 13651 | D:11     | Found a runed translucent gate.
 13651 | D:11     | Found a runed translucent gate.
 13658 | D:10     | Reached skill level 4 in Armour
 13676 | D:10     | Reached skill level 1 in Evocations
 13685 | D:10     | Reached XP level 12. HP: 89/115 MP: 12/14
 13774 | D:10     | Reached ***** piety under Okawaru
 13775 | D:10     | Reached skill level 2 in Stealth
 13919 | D:11     | Found a viscous altar of Jiyva.
 13931 | D:11     | You add the spells Blink and Manifold Assault to your
                  | library.
 13935 | D:11     | Learned a level 2 spell: Blink
 13936 | D:11     | Found a staircase to the Lair.
 13942 | D:11     | You add the spells Leda's Liquefaction, Lee's Rapid
                  | Deconstruction and Bombard to your library.
 14108 | D:11     | Noticed a two-headed ogre
 14116 | D:11     | Killed a two-headed ogre
 14160 | D:11     | Reached skill level 2 in Dodging
 14210 | D:11     | Noticed a centaur warrior
 14212 | D:11     | Noticed a two-headed ogre
 14221 | D:11     | Killed a centaur warrior
 14221 | D:11     | Received a gift from Okawaru
 14222 | D:11     | Reached skill level 1 in Translocations
 14226 | D:11     | Killed a two-headed ogre
 14232 | D:11     | Reached skill level 3 in Stealth
 14232 | D:11     | Reached skill level 2 in Evocations
 14259 | D:11     | Reached skill level 5 in Armour
 14455 | D:11     | Reached skill level 2 in Translocations
 14751 | D:11     | Reached skill level 3 in Dodging
 14751 | D:11     | Reached skill level 13 in Shields
 16107 | D:11     | Reached skill level 3 in Translocations
 16250 | D:11     | Reached skill level 14 in Fighting
 16250 | D:11     | Reached skill level 3 in Evocations
 16543 | Lair:1   | Entered Level 1 of the Lair of Beasts
 16543 | Lair:1   | Noticed Urug
 16556 | D:11     | Killed Urug
 16557 | D:11     | Reached skill level 6 in Armour
 16559 | D:11     | a +0 eveningstar of protection {rare}; a +0 chain mail; the
                  | orc corpse of Urug
 16660 | Lair:1   | Reached skill level 4 in Dodging
 16734 | Lair:1   | Reached XP level 13. HP: 124/124 MP: 15/15
 16942 | Lair:1   | Reached skill level 1 in Throwing
 16988 | Lair:1   | Reached skill level 14 in Shields
 17308 | Lair:1   | Reached skill level 2 in Throwing
 17764 | Lair:1   | Found a hide-covered altar of Uskayaw.
 17910 | Lair:2   | Identified the of Dolaiq
 17921 | Lair:1   | Reached skill level 5 in Dodging
 17932 | Lair:2   | Reached skill level 3 in Throwing
 17934 | Lair:2   | Reached skill level 7 in Armour
 18047 | Lair:2   | Received a gift from Okawaru
 18241 | Lair:2   | You add the spells Iskenderun's Battlesphere, Fireball,
                  | Conjure Ball Lightning and Orb of Destruction to your
                  | library.
 18367 | Lair:2   | Found a staircase to the Snake Pit.
 18391 | Lair:2   | Found a transporter.
 18393 | Lair:2   | Found a transporter.
 18400 | Lair:2   | Noticed ongoing's ghost (journeyman DgGl)
 18472 | Lair:2   | Reached skill level 4 in Throwing
 18492 | Lair:2   | You add the spell Shatter to your library.
 18575 | Lair:2   | Found a staircase to the Swamp.
 19266 | Lair:3   | Reached skill level 15 in Shields
 19275 | Lair:3   | Reached skill level 5 in Throwing
 20070 | Lair:4   | Reached skill level 8 in Armour
 20265 | Lair:4   | Received a gift from Okawaru
 20410 | Lair:4   | You are sucked into a shaft and drop 1 floor!
 20410 | Lair:5   | Entered Level 5 of the Lair of Beasts
 20410 | Lair:5   | Found a staircase to the Slime Pits.
 20410 | Lair:5   | Found a viscous altar of Jiyva.
 20460 | Lair:5   | HP: 26/125 [poisoned by a cane toad]
 20470 | Lair:5   | HP: 24/125 [poisoned by a cane toad]
 20869 | Lair:5   | Reached skill level 15 in Fighting
 20869 | Lair:5   | Reached skill level 6 in Throwing
 20873 | Lair:5   | Reached XP level 14. HP: 101/135 MP: 10/16
 21323 | Lair:5   | Reached skill level 7 in Throwing
 21323 | Lair:5   | Reached skill level 16 in Shields
 21529 | Lair:4   | Reached skill level 9 in Armour
 21738 | Lair:4   | Received a gift from Okawaru
 22417 | Lair:5   | Reached skill level 17 in Shields
 22454 | Lair:5   | Reached skill level 10 in Armour
 22772 | Lair:5   | You add the spells Lesser Beckoning, Gell's Gravitas and
                  | Teleport Other to your library.
 22909 | Lair:5   | Reached skill level 18 in Shields
 22911 | Lair:5   | Received a gift from Okawaru
 23873 | D:11     | a +0 chain mail; a +0 eveningstar of protection {rare}; the
                  | orc skeleton of Urug
 24123 | D:12     | Found a sacrificial altar of Ru.
 24199 | D:12     | Reached XP level 15. HP: 128/141 MP: 12/17
 24215 | D:12     | Reached skill level 19 in Shields
 24720 | D:11     | Identified a scroll of acquirement
 24723 | D:11     | Acquired a +2 demon blade of freezing
 24799 | D:12     | Received a gift from Okawaru
 24925 | D:12     | Found Yfedaav's Jewellery Boutique.
 25109 | D:12     | Found Zoqusep's Weapon Boutique.
 25133 | D:12     | Found a staircase to the Orcish Mines.
 25574 | D:13     | Noticed Rupert
 25583 | D:12     | Killed Rupert
 25930 | D:13     | Found a runed translucent door.
 25967 | D:13     | Reached skill level 6 in Invocations
 26078 | D:13     | You add the spells Jinxbite, Ensorcelled Hibernation and
                  | Anguish to your library.
 26137 | D:13     | Found a gate to the Vaults.
 26162 | D:13     | Received a gift from Okawaru
 26898 | Orc:1    | Entered Level 1 of the Orcish Mines
 26902 | Orc:1    | Noticed Sonja
 26911 | Orc:1    | Killed Sonja
 27042 | Orc:1    | Noticed Pimuatov's ghost (journeyman HuCj)
 27044 | Orc:1    | Found a runed translucent gate.
 27045 | Orc:1    | Found a runed translucent gate.
 27045 | Orc:1    | Found a runed translucent gate.
 27428 | Orc:1    | Gained mutation: You are vulnerable to cold. (rC-) [a
                  | neqoxec]
 27438 | Orc:1    | Gained mutation: You are dopey. (Int -2) [a neqoxec]
 27449 | Orc:1    | Received a gift from Okawaru
 27810 | IceCv    | Identified the "Yfounif"
 27810 | Orc:2    | Entered Level 2 of the Orcish Mines
 27957 | Orc:2    | Found a staircase to the Elven Halls.
 28014 | Orc:2    | Identified a +2 crystal plate armour
 28014 | Orc:2    | Noticed Donald
 28031 | Orc:2    | Reached skill level 7 in Invocations
 28046 | Orc:2    | Killed Donald
 28065 | Orc:2    | s - a +2 crystal plate armour {rare}
 28096 | Orc:2    | You finish putting on your +2 crystal plate armour {rare}.
 28176 | Orc:2    | Reached skill level 8 in Throwing
 28772 | Orc:2    | Found Ammozaepn's General Store.
 28780 | Orc:2    | Bought a potion of curing for 42 gold pieces
 28780 | Orc:2    | Bought a potion of heal wounds for 70 gold pieces
 28897 | Orc:2    | Found Cuyg's General Store.
 28897 | Orc:2    | Found Zuat's Book Shoppe.
 28897 | Orc:2    | Found Muob Com's Weapon Emporium.
 28900 | Orc:2    | Found Voutuzof's Jewellery Boutique.
 28912 | Orc:2    | Bought the amulet "Atevycaa" {Reflect rF++ SH+5} for 763
                  | gold pieces
 29029 | Orc:2    | Reached skill level 11 in Armour
 29212 | D:14     | magus.rc [v1.11.6]
 29212 | D:14     | your +2 crystal plate armour {rare} glows green for a
                  | moment.
 29213 | D:14     | your +3 crystal plate armour {rare} glows green for a
                  | moment.
 29214 | D:14     | your +4 crystal plate armour {rare} glows green for a
                  | moment.
 29215 | D:14     | your +5 crystal plate armour {rare} glows green for a
                  | moment.
 29216 | D:14     | your +6 crystal plate armour {rare} glows green for a
                  | moment.
 29907 | D:14     | Received a gift from Okawaru
 30276 | D:15     | Entered Level 15 of the Dungeon
 30286 | D:15     | Reached skill level 20 in Shields
 30299 | D:15     | Reached skill level 8 in Invocations
 30703 | D:15     | Reached skill level 16 in Fighting
 30703 | D:15     | Reached XP level 16. HP: 131/151 MP: 11/21
 31236 | D:15     | Found a staircase to the Depths.
 31348 | D:15     | You add the spells Volatile Blastmotes, Fulminant Prism and
                  | Iskenderun's Mystic Blast to your library.
 31470 | Snake:1  | Entered Level 1 of the Snake Pit
 31565 | Lair:2   | Reached skill level 9 in Throwing
 31679 | Lair:2   | Reached skill level 12 in Armour
 31814 | Snake:1  | Received a gift from Okawaru
 32904 | Snake:1  | Identified the serpent talisman of the Camelopard {rPois
                  | rC- Dex-2 SInv}
 32904 | Snake:1  | Noticed Aizul
 32919 | Snake:1  | Killed Aizul
 33481 | Snake:1  | Received a gift from Okawaru
 33624 | Snake:1  | Reached skill level 17 in Fighting
 33624 | Snake:1  | Reached skill level 10 in Throwing
 33925 | Snake:1  | Reached skill level 13 in Armour
 34178 | Snake:2  | Found Vaannus's Magic Scroll Shop.
 34178 | Snake:2  | Found Boeloutz's General Store.
 34203 | Snake:2  | Bought a scroll of enchant armour for 120 gold pieces
 34211 | Snake:2  | Bought a potion of heal wounds for 55 gold pieces
 34214 | Snake:2  | Noticed Nikola
 34233 | Snake:2  | Killed Nikola
 34233 | Snake:2  | Reached ****** piety under Okawaru
 34253 | Snake:2  | Acquired the +3 double sword of Shame {drain, rN+ SInv}
 34253 | Snake:2  | Received a gift from Okawaru
 34254 | Snake:2  | i - the +3 double sword of Shame {drain, rN+ SInv, rare}
 34255 | Snake:2  | i - the +3 double sword of Shame (weapon) {drain, rN+ SInv,
                  | rare}
 34259 | Snake:2  | Acquired the +0 cloak of Soft Rains {Str+5}
 34259 | Snake:2  | Received a gift from Okawaru
 34262 | Snake:2  | your +7 crystal plate armour {rare} glows green for a
                  | moment.
 34614 | Snake:2  | Noticed Jorgrun
 34625 | Snake:2  | Received a gift from Okawaru
 34637 | Snake:2  | Killed Jorgrun
 34772 | Snake:2  | Found a transporter.
 34815 | Snake:2  | Paralysed by an orc sorcerer for 4 turns
 34894 | Snake:2  | You add the spells Alistair's Intoxication, Borgnjor's Vile
                  | Clutch and Eringya's Noxious Bog to your library.
 34917 | Snake:2  | Noticed Vashnia
 34921 | Snake:2  | Found Nuilauruy's Armour Emporium.
 34930 | Snake:2  | Killed Vashnia
 34931 | Snake:2  | Reached skill level 14 in Armour
 35091 | Snake:2  | Acquired 862 gold pieces
 35122 | Snake:2  | Reached skill level 18 in Fighting
 35280 | Snake:2  | Received a gift from Okawaru
 35383 | Snake:2  | Reached XP level 17. HP: 163/163 MP: 4/22
 35412 | Snake:2  | HP: 41/165 [poisoned by a naga ritualist (toxic radiance)]
 35733 | Snake:2  | Noticed Saint Roka
 35750 | Snake:2  | Killed Saint Roka
 36142 | Snake:2  | Found a transporter.
 36676 | Snake:2  | Reached skill level 15 in Armour
 36698 | Snake:2  | You add the spells Slow, Sigil of Binding, Vampiric
                  | Draining and Confusing Touch to your library.
 36703 | Snake:2  | Identified the ring of Jeimp {rF+ EV+5 Dex+4}
 36720 | Snake:2  | Identified the ring of Koegas {Fire Str+2 Dex+3}
 37058 | Snake:3  | Reached skill level 19 in Fighting
 37551 | Snake:3  | Identified the +0 robe of Trial and Error {rCorr SInv}
 37559 | Snake:3  | You finish taking off your +8 crystal plate armour {rare}.
 37574 | Snake:3  | You finish putting on your +8 crystal plate armour {rare}.
 37615 | Snake:3  | your +8 crystal plate armour {rare} glows green for a
                  | moment.
 37723 | Snake:3  | Received a gift from Okawaru
 37732 | Snake:3  | Identified the +5 great sword "Xieverib" {freeze, Str+5}
 38001 | Snake:3  | T - +0 shadow dragon scales {rare}
 38002 | Snake:3  | You drop +0 shadow dragon scales {rare}.
 38021 | Snake:3  | Reached skill level 20 in Fighting
 39027 | Swamp:1  | Entered Level 1 of the Swamp
 39090 | Swamp:1  | Received a gift from Okawaru
 39244 | Swamp:1  | Identified the blade talisman of Subjectivity {rF+ Str+5}
 39279 | Swamp:1  | HP: 41/170 [poisoned by a swamp dragon (blast of poison)]
 39284 | Swamp:1  | HP: 35/170 [poisoned by a swamp dragon (blast of poison)]
 39905 | Swamp:1  | Reached skill level 6 in Dodging
 39916 | Swamp:1  | Reached skill level 4 in Evocations
 40465 | Swamp:2  | Received a gift from Okawaru
 40473 | Swamp:1  | Reached skill level 11 in Throwing
 40914 | Swamp:2  | Identified the +6 spear "Biguorir" {flame, rPois Int+5}
 40917 | Swamp:2  | Reached XP level 18. HP: 178/178 MP: 21/23
 41591 | Swamp:3  | Reached skill level 9 in Invocations
 42285 | Swamp:4  | Entered Level 4 of the Swamp
 42285 | Swamp:4  | Noticed Kirke
 42291 | Swamp:4  | Killed Kirke
 42300 | Swamp:4  | Received a gift from Okawaru
 42505 | Swamp:4  | Reached skill level 7 in Dodging
 42587 | Swamp:3  | Reached skill level 5 in Evocations
 43165 | Swamp:4  | Noticed the 27-headed Lernaean hydra
 43209 | Swamp:3  | Killed the 23-headed Lernaean hydra
 43210 | Swamp:3  | Reached skill level 12 in Throwing
 43486 | Swamp:3  | HP: 43/178 [something (3)]
 43491 | Swamp:3  | Reached skill level 16 in Armour
 43491 | Swamp:3  | HP: 29/178 [poison (poison gas)]
 43496 | Swamp:3  | HP: 26/178 [poison (poison gas)]
 44262 | Swamp:4  | HP: 36/178 [poison (poison gas)]
 44264 | Swamp:4  | HP: 14/178 [poison (poison gas)]
 44265 | Swamp:3  | HP: 5/178 [poison (poison gas)]
 44647 | Swamp:4  | Received a gift from Okawaru
 44650 | Swamp:4  | HP: 43/178 [poison (poison gas)]
 44655 | Swamp:4  | HP: 32/178 [poison (poison gas)]
 45085 | Swamp:4  | Got a decaying rune of Zot
 45807 | Snake:4  | Entered Level 4 of the Snake Pit
 45875 | Snake:4  | Reached skill level 8 in Dodging
 46205 | Snake:4  | You add the spells Cigotuvi's Dreadful Rot, Ignite Poison
                  | and Freezing Cloud to your library.
 46342 | Snake:4  | Reached skill level 6 in Evocations
 46600 | Snake:4  | Reached skill level 13 in Throwing
 46627 | Snake:4  | Reached skill level 10 in Invocations
 46642 | Snake:4  | Received a gift from Okawaru
 47256 | Snake:4  | Reached XP level 19. HP: 185/185 MP: 25/25
 47378 | Snake:4  | Got a serpentine rune of Zot
 47484 | Snake:4  | Reached skill level 9 in Dodging
 48006 | Vaults:5 | Identified the "Moah Jom"
 48006 | Crypt:3  | Identified the "Wofik"
 48006 | Depths:2 | Identified the "Asoanei"
 48006 | Elf:1    | Entered Level 1 of the Elven Halls
 48063 | Elf:1    | Reached skill level 7 in Evocations
 48069 | Elf:1    | Received a gift from Okawaru
 48264 | Elf:1    | Reached skill level 14 in Throwing
 48442 | Elf:1    | Reached skill level 17 in Armour
 49545 | Elf:2    | Reached skill level 10 in Dodging
 49686 | Elf:2    | Found Byejaj's Armour Shop.
 50030 | Elf:2    | Bought the +4 pair of boots of Untruth {rPois rF- rC+++
                  | Dex+2} for 1154 gold pieces
 50097 | Elf:2    | You add the spells Sublimation of Blood and Wereblood to
                  | your library.
 50127 | Elf:2    | Identified the +0 pair of gloves of Conscience {+Inv rPois
                  | Str+3 Dex-2}
 50185 | Elf:2    | Received a gift from Okawaru
 50188 | Elf:2    | Reached skill level 15 in Throwing
 50245 | Elf:2    | Found a runed translucent gate.
 50245 | Elf:2    | Found a runed translucent gate.
 50266 | Elf:2    | Found a runed translucent gate.
 50337 | Elf:2    | Paralysed by an air elemental for 1 turns
 50646 | Elf:2    | Reached skill level 18 in Armour
 50824 | Elf:2    | Received a gift from Okawaru
 50877 | Elf:2    | Reached skill level 19 in Armour
 51154 | Elf:3    | Identified the "Weoseloa"
 51154 | Elf:3    | Entered Level 3 of the Elven Halls
 51158 | Elf:3    | Paralysed by an air elemental for 1 turns
 51297 | Elf:3    | Found a radiant altar of Vehumet.
 51628 | Elf:3    | Found Jukhleof's Antique Armour Boutique.
 51729 | Elf:3    | Reached XP level 20. HP: 193/193 MP: 20/26
 51804 | Elf:3    | Received a gift from Okawaru
 52231 | Elf:3    | Reached skill level 20 in Armour
 52245 | Elf:3    | HP: 44/193 [???[a deep elf demonologist] (41)]
 52609 | Elf:3    | Paralysed by an air elemental for 1 turns
 52623 | Elf:3    | HP: 39/184 [???[a deep elf demonologist] (37)]
 52942 | Elf:3    | Identified the +9 short sword of Wix Veobo {pain, Will+
                  | Str+2 Int+4}
 53040 | Elf:3    | You are cast into the Abyss!
 53040 | Abyss:3  | Cast into level 3 of the Abyss (a deep elf sorcerer)
 53177 | Abyss:3  | Received a gift from Okawaru
 53209 | Abyss:3  | Noticed a profane servitor
 53227 | Abyss:3  | Killed a profane servitor
 53263 | Abyss:3  | Noticed a bone dragon
 53301 | Abyss:3  | Killed a bone dragon
 53343 | Abyss:3  | Gained mutation: You are weak. (Str -2) [a neqoxec]
 53401 | Elf:3    | You pass through the gate.
 53401 | Elf:3    | Escaped the Abyss
 53749 | Elf:3    | Received a gift from Okawaru
 54025 | Elf:3    | You add the spells Chain Lightning and Fire Storm to your
                  | library.
 54027 | Elf:3    | Identified the +4 shortbow of Ash {antimagic, +Blink}
 54076 | Elf:3    | You add the spell Momentum Strike to your library.
 54112 | Elf:3    | Identified the +0 arbalest of the Grave {elec, rN+ MP+9}
 54121 | Elf:3    | You add the spells Arcjolt and Dispersal to your library.
 54159 | Elf:3    | You add the spells Borgnjor's Revivification and Death's
                  | Door to your library.
 54430 | Vaults:1 | Entered Level 1 of the Vaults
 55184 | Vaults:1 | Received a gift from Okawaru
 55240 | Vaults:1 | You add the spells Disjunction and Discord to your library.
 55454 | Vaults:1 | Reached skill level 21 in Fighting
 55668 | Vaults:1 | Reached skill level 11 in Dodging
 56073 | Vaults:1 | Found Denu's Antique Armour Shop.
 56078 | Vaults:1 | Received a gift from Okawaru
 56676 | Vaults:2 | Reached XP level 21. HP: 204/204 MP: 24/27
 56860 | Vaults:2 | HP: 46/205 [ironbound convoker/+0 great mace[a vault
                  | warden] (9)]
 56863 | Vaults:2 | Received a gift from Okawaru
 56866 | Vaults:2 | HP: 2/205 [ironbound thunderhulk/bolt of lightning (31)]
 57115 | Vaults:2 | your +9 crystal plate armour {rare} melds into your body.
 57122 | Vaults:2 | HP: 72/309 [lindwurm (7)]
 57128 | Vaults:2 | HP: 74/309 [lindwurm (1)]
 57134 | Vaults:2 | HP: 53/309 [vault warden/+0 halberd (2)]
 57146 | Vaults:2 | HP: 33/309 [vault warden/+0 halberd (18)]
 57147 | Vaults:2 | your +9 crystal plate armour {rare} unmelds from your body.
 57149 | Vaults:2 | HP: 9/206 [vault warden/+0 halberd (14)]
 57687 | Vaults:2 | Reached skill level 16 in Throwing
 57941 | Vaults:2 | Reached skill level 21 in Armour
 57945 | Vaults:2 | Received a gift from Okawaru
 58244 | Vaults:2 | Reached skill level 22 in Fighting
 58273 | Vaults:2 | Reached skill level 21 in Shields
 58432 | Vaults:2 | You fall into a shaft and drop 1 floor!
 58892 | Vaults:3 | Paralysed by a formless jellyfish for 1 turns
 58936 | Vaults:3 | Reached skill level 12 in Dodging
 59479 | Vaults:3 | Found a staircase to the Crypt.
 59564 | Vaults:3 | Identified the +2 spear of Xutimm {protect, rC+ rN+ Will-
                  | SInv}
 59640 | Vaults:3 | Found Apsac's Jewellery Boutique.
 59688 | Vaults:3 | Received a gift from Okawaru
 59870 | Vaults:3 | You add the spells Kiss of Death and Dispel Undead to your
                  | library.
 60217 | Vaults:3 | Found a runed gate.
 60217 | Vaults:3 | Found a runed gate.
 60217 | Vaults:3 | Found a runed gate.
 60564 | Vaults:3 | Found a glowing golden altar of the Shining One.
 60567 | Vaults:3 | You drop the +3 double sword of Shame {drain, rN+ SInv,
                  | rare}.
 60678 | Vaults:3 | 6 scrolls of identify {@r1}; a wand of charming (11); the
                  | +3 double sword of Shame {drain, rN+ SInv, rare}
 61737 | Vaults:4 | Found Uriupsaad's Assorted Antiques.
 61850 | Vaults:4 | Identified the ring "Xuj Additao" {rN+ Dex+6}
 61994 | Vaults:4 | Identified the +7 broad axe of Qeemiunk {heavy, rPois}
 62108 | Vaults:4 | Paralysed by a Zot trap for 5 turns
 62130 | Vaults:4 | Reached XP level 22. HP: 136/217 MP: 15/28
 62643 | Depths:1 | Entered Level 1 of the Depths
 62643 | Depths:1 | Found a shimmering altar of Xom.
 62650 | Depths:1 | Noticed Asterion
 62671 | Depths:1 | Killed Asterion
 62672 | Depths:1 | Reached skill level 23 in Fighting
 62850 | Depths:1 | You add the spell Apportation to your library.
 63095 | Depths:1 | Received a gift from Okawaru
 63668 | Depths:1 | Found a gateway to Hell.
 63831 | Depths:1 | Noticed a caustic shrike
 63837 | Depths:1 | Killed a caustic shrike
 63921 | Depths:1 | Reached skill level 13 in Dodging
 64376 | Depths:2 | Received a gift from Okawaru
 64786 | Depths:2 | Noticed a golden dragon
 64798 | Depths:2 | Killed a golden dragon
 64798 | Depths:2 | Identified +0 gold dragon scales
 64800 | Depths:2 | +0 gold dragon scales {rare}; a golden dragon corpse
 64807 | Depths:2 | +0 gold dragon scales {rare}; a golden dragon corpse
 64808 | Depths:2 | e - +0 gold dragon scales {rare}
 64809 | Depths:2 | You drop +0 gold dragon scales {rare}.
 64858 | Depths:2 | +0 gold dragon scales {rare}; the +7 broad axe of Qeemiunk
                  | {heavy, rPois}; a golden dragon corpse
 65143 | Depths:2 | Found a runed translucent door.
 65177 | Depths:2 | Noticed Dikisett's ghost (veteran GrCj)
 65205 | Depths:2 | Reached skill level 17 in Throwing
 65410 | Depths:2 | You fall into a shaft and drop 1 floor!
 65459 | Depths:3 | Reached skill level 22 in Armour
 65619 | Depths:3 | Reached skill level 24 in Fighting
 65627 | Depths:3 | Reached skill level 22 in Shields
 65768 | Depths:3 | Identified the ring "Beilos" {MP+9 SInv}
 65799 | Depths:3 | Received a gift from Okawaru
 66025 | Depths:3 | Noticed the Enchantress
 66025 | Depths:3 | The Enchantress is wielding a +1 vampiric demon whip,
                  | wearing the +8 faerie dragon scales {rF- rC+ rN+ rCorr
                  | Dex+2} and wearing a +1 buckler of positive energy. The
                  | spriggan defender is wielding a +0 rapier of draining.
 66050 | Depths:3 | HP: 50/222 [spriggan defender/+3 flail of pain[the
                  | Enchantress] (20)]
 66053 | Depths:3 | HP: 23/222 [spriggan defender/+3 flail of pain[the
                  | Enchantress] (13)]
 66053 | Depths:3 | HP: 7/222 [tengu reaver/+1 glaive of protection (9)]
 66559 | Depths:2 | Found a one-way gate leading to the halls of Pandemonium.
 66805 | Depths:2 | Found an ancient bone altar of Kikubaaqudgha.
 67499 | Depths:3 | Reached XP level 23. HP: 202/231 MP: 15/29
 67722 | Depths:3 | Killed the Enchantress
 68030 | Depths:3 | Found a one-way gate to the infinite horrors of the Abyss.
 68062 | Depths:3 | Found a one-way gateway to a ziggurat.
 68195 | Depths:3 | Noticed a caustic shrike
 68205 | Depths:3 | Killed a caustic shrike
 68273 | Depths:3 | Received a gift from Okawaru
 68276 | Depths:3 | Reached skill level 14 in Dodging
 69025 | Depths:4 | Entered Level 4 of the Depths
 69044 | Depths:4 | Identified +0 gold dragon scales
 69503 | Depths:4 | Reached skill level 25 in Fighting
 69523 | Depths:4 | Received a gift from Okawaru
 69631 | Depths:4 | +0 shadow dragon scales {rare}; a shadow dragon corpse
 69639 | Depths:4 | Found a gate to the Realm of Zot.
 69810 | Depths:4 | +0 shadow dragon scales {rare}; a shadow dragon skeleton
 69989 | Depths:4 | your +9 crystal plate armour {rare} glows green for a
                  | moment.
 70476 | Depths:4 | Identified the granite talisman of the Vaults {rC+ Stlth+}
 70496 | Depths:4 | Found an opulent altar of Gozag.
 70544 | Depths:4 | Received a gift from Okawaru
 70900 | Depths:4 | Reached skill level 18 in Throwing
 71328 | Crypt:1  | Entered Level 1 of the Crypt
 71703 | Crypt:1  | Noticed a curse skull
 71712 | Crypt:1  | Killed a curse skull
 71945 | Crypt:1  | Reached skill level 23 in Armour
 72939 | Crypt:2  | Noticed Khufu
 72942 | Crypt:2  | Noticed a royal mummy
 72944 | Crypt:2  | Noticed a royal mummy
 72948 | Crypt:2  | Killed Khufu
 72949 | Crypt:2  | Reached skill level 15 in Dodging
 72949 | Crypt:2  | Reached XP level 24. HP: 128/237 MP: 23/29
 72959 | Crypt:2  | Killed a royal mummy
 72967 | Crypt:2  | Killed a royal mummy
 72967 | Crypt:2  | HP: 42/237 [torment (32)]
 72970 | Crypt:2  | Reached skill level 23 in Shields
 73002 | Crypt:2  | HP: 52/245 [something (6)]
 73007 | Crypt:2  | Paralysed by something for 5 turns
 73009 | Crypt:2  | HP: 38/245 [poisoned by a skeletal warrior]
 73011 | Crypt:2  | HP: 15/245 [something (12)]
 73015 | Crypt:2  | your +10 crystal plate armour {rare} melds into your body.
 73017 | Crypt:2  | Received a gift from Okawaru
 73018 | Crypt:2  | HP: 17/367 [something (21)]
 73021 | Crypt:2  | Slain by a vampire knight

Vanquished Creatures
  Khufu (Crypt:2)
  2 royal mummies (Crypt:2)
  the Lernaean hydra (Swamp:3)
  Saint Roka (Snake:2)
  Vashnia (Snake:2)
  2 caustic shrikes
  Nikola (Snake:2)
  5 golden dragons
  the Enchantress (Depths:3)
  A bone dragon (Abyss:3)
  A profane servitor (Abyss:3)
  Jorgrun (Snake:2)
  Rupert (D:12)
  A shard shrike skeleton (Crypt:2)
  A tentacled monstrosity (Depths:3)
  9 liches
  A walking crystal tome (Depths:2)
  A walking earthen tome (Depths:3)
  Asterion (Depths:1)
  2 deep elf blademasters (Elf:3)
  2 titans
  A quicksilver dragon (Depths:1)
  A walking divine tome (Depths:2)
  2 deep elf master archers (Elf:3)
  5 sphinxes
  An ancient champion (Crypt:2)
  An Executioner (Abyss:3)
  A storm dragon (Depths:4)
  10 tengu reavers
  3 shadow dragons
  A revenant (Crypt:2)
  10 nagarajas
  Kirke (Swamp:4)
  2 daevas (Vaults:3)
  Aizul (Snake:1)
  Donald (Orc:2)
  8 fire giants
  6 frost giants
  3 iron dragons
  A fenstrider witch (Swamp:2)
  4 deep elf sorcerers (Elf:3)
  A ghost moth (shapeshifter) (Depths:4)
  9 vault wardens
  A curse skull (Crypt:1)
  4 deep elf elementalists (Elf:3)
  5 orc warlords
  19 very ugly things
  2 formless jellyfish
  14 ironbound preservers
  A draconian shifter (Depths:4)
  A war gargoyle (Vaults:1)
  4 spriggan defenders
  9 ironbound thunderhulks
  8 stone giants
  5 deep elf demonologists (Elf:3)
  2 green draconians (Depths:4)
  A white draconian (Depths:4)
  3 vampire knights
  5 eleionomae
  4 black draconians (Depths:4)
  13 dire elephants
  12 spark wasps
  A yellow draconian (Depths:4)
  A red draconian (Depths:4)
  8 bunyips
  6 deep elf annihilators (Elf:3)
  4 eidola
  6 deep elf death magi
  5 ettins
  8 jiangshi
  An entropy weaver (Vaults:1)
  4 ice dragons
  A shambling mangrove (Swamp:3)
  4 deep elf high priests (Elf:3)
  7 fire dragons
  7 yaktaur captains
  21 vault guards
  3 ghost crabs
  A peacekeeper (Vaults:1)
  23 hydras
  8 great orbs of eyes
  A rakshasa (Depths:3)
  3 spriggan air magi
  16 centaur warriors
  4 boulder beetles
  3 salamander tyrants
  Erica (D:7)
  13 ironbound frosthearts
  18 anacondas
  30 dancing weapons
  12 alligators
  2 catoblepae
  A death knight (D:15)
  4 two-headed ogres
  3 deep troll shamans
  4 tengu warriors
  22 naga warriors
  13 death yaks (Lair:5)
  6 deep troll earth magi
  9 vampire magi
  Urug (D:11)
  6 orc high priests
  6 shock serpents
  A titan zombie (Crypt:1)
  23 hell knights
  3 thrashing horrors (Abyss:3)
  21 deep elf knights
  6 spriggan berserkers
  3 occultists
  Sonja (Orc:1)
  25 naga sharpshooters
  Nergalle (D:10)
  Amaemon (D:7)
  3 salamander mystics
  17 skeletal warriors
  A fire crab (shapeshifter) (D:13)
  4 goliath frogs
  7 iron trolls
  A golden dragon zombie (Crypt:1)
  A spark wasp zombie (Depths:3)
  5 glowing orange brains
  A shadow demon (Snake:2)
  A spatial maelstrom (Abyss:3)
  3 sea snakes (Snake:4)
  14 swamp dragons
  40 deep trolls
  A deep troll (shapeshifter) (Depths:2)
  A flayed ghost (Depths:2)
  9 naga ritualists
  13 bog bodies
  10 lindwurms
  Pikel (D:4)
  11 deep elf archers
  6 arcanists
  21 ironbound convokers
  3 phantasmal warriors
  A shadow dragon zombie (Depths:3)
  29 deep elf zephyrmancers
  5 necromancers
  2 tengu zombies
  3 large abominations (Abyss:3)
  8 orc knights
  24 deep elf pyromancers
  7 will-o-the-wisps
  2 wolf spiders (Lair:1)
  22 salamanders
  5 orc sorcerers
  13 mana vipers
  2 cyclopes
  A frost giant skeleton (Crypt:2)
  45 ugly things
  2 manticores (D:13)
  A tengu skeleton (Depths:3)
  46 black mambas
  8 elephants
  A fire giant skeleton (Depths:3)
  9 guardian serpents
  20 vault sentinels
  A torpor snail (Lair:5)
  An orange demon (D:8)
  13 cane toads
  A smoke demon (Abyss:3)
  14 naga magi
  Maggie (D:6)
  A gargoyle (D:13)
  7 komodo dragons
  2 unseen horrors
  Jeremiah (D:8)
  An efreet (D:14)
  2 rime drakes
  3 kobold demonologists
  3 freezing wraiths
  14 yaktaurs
  A yaktaur (shapeshifter) (Abyss:3)
  6 trolls
  15 hornets
  3 meliai (D:12)
  9 polar bears
  A bloated husk (Swamp:2)
  A polar bear (shapeshifter) (D:15)
  A tarantella (shapeshifter) (D:14)
  4 tyrant leeches
  Prince Ribbit (D:7)
  A sea snake skeleton (Crypt:1)
  A raiju (Abyss:3)
  2 glass eyes
  A dream sheep (shapeshifter) (Depths:3)
  25 blink frogs
  18 dream sheep (Lair:5)
  Sigmund (D:4)
  4 flying skulls (Crypt:1)
  26 slime creatures
  14 spriggans
  3 air elementals
  A jumping spider (shapeshifter) (D:14)
  A fire dragon skeleton (Crypt:1)
  2 shadows (D:13)
  9 water elementals
  7 wraiths
  5 fire bats (Lair:4)
  54 yaks
  A small abomination (Abyss:3)
  A yak (shapeshifter) (D:15)
  A vampire (D:10)
  2 fire elementals
  12 humans
  4 wyverns
  2 steam dragons
  4 golden eyes (Abyss:3)
  3 neqoxecs (Abyss:3)
  12 vampire mosquitoes
  3 basilisks
  Eustachio (D:4)
  6 wargs
  11 swamp worms
  60 nagas
  2 acid dragons
  A skyshark zombie (Crypt:1)
  17 water moccasins
  7 hell hounds (D:11)
  Duvessa (D:6)
  39 orc warriors
  8 swamp drakes
  6 black bears
  2 sky beasts (D:7)
  The ghost of kuniqs the Chopper, an amateur AtGl (D:4)
  2 ice beasts
  24 wolves
  8 ogres
  20 centaurs
  A swamp dragon skeleton (Crypt:1)
  2 lemures (D:4)
  Blork the orc (D:5)
  A rime drake zombie (Crypt:1)
  2 kobold brigands
  2 gnoll sergeants
  23 bullfrogs
  An earth elemental (Elf:1)
  2 scorpions
  A salamander zombie (Crypt:2)
  A necrophage (Swamp:1)
  2 wights (D:7)
  Dowan (D:6)
  A polar bear zombie (Crypt:2)
  22 killer bees
  5 electric eels
  3 howler monkeys
  A crimson imp (D:10)
  4 jellies
  A lava snake (Lair:4)
  5 hounds
  2 gnoll boudas (D:7)
  15 orc priests
  An iron imp (Abyss:3)
  8 iguanas
  A sleepcap (D:4)
  19 orc wizards
  A mummy (Crypt:2)
  4 adders
  5 gnolls
  3 shadow imps
  5 white imps
  4 dart slugs
  94 orcs
  A bat skeleton (Crypt:1)
  2 endoplasms
  3 giant cockroaches
  9 goblins
  5 hobgoblins
  5 jackals (D:4)
  3 quokkas
  4 ball pythons
  6 bats
  2 frilled lizards
  A frilled lizard skeleton (Crypt:2)
  15 kobolds
  3 rats
1881 creatures vanquished.

Vanquished Creatures (others)
  A frost giant (Depths:4)
  A hydra (Swamp:3)
  A naga sharpshooter (Snake:4)
  2 deep elf knights
  A deep elf pyromancer (D:15)
  2 deep elf zephyrmancers (Elf:2)
  3 bloated husks
  2 hornets
  2 spriggans
  A swamp drake (Swamp:3)
  An orc wizard (Snake:2)
  2 orcs
  28 foxfires
47 creatures vanquished.

Grand Total: 1928 creatures vanquished

Table legend:
 A = Non-vault XP
 B = Vault XP
 C = Vault XP percentage of total XP
 D = Non-vault monster count
 E = Vault monster count
 F = Vault count percentage of total count
                 A         B        C        D         E       F
            +---------+---------+-------+---------+---------+-------
      Total |  604741 |  397775 |  39.7 |    1288 |     595 |  31.6
            +---------+---------+-------+---------+---------+-------
        D:1 |      37 |       0 |   0.0 |      21 |       0 |   0.0
        D:2 |       9 |       0 |   0.0 |       7 |       0 |   0.0
        D:3 |      92 |       0 |   0.0 |      16 |       0 |   0.0
        D:4 |     118 |    1200 |  91.0 |      14 |       4 |  22.2
        D:5 |     614 |     254 |  29.3 |      13 |       6 |  31.6
        D:6 |     494 |     626 |  55.9 |      17 |       3 |  15.0
        D:7 |    2188 |    2986 |  57.7 |      37 |      20 |  35.1
        D:8 |     704 |    1043 |  59.7 |      19 |       4 |  17.4
        D:9 |    2606 |       0 |   0.0 |      18 |       0 |   0.0
       D:10 |    3868 |    1576 |  28.9 |      30 |       8 |  21.1
       D:11 |    5251 |    7855 |  59.9 |      17 |      19 |  52.8
       D:12 |   11017 |    2107 |  16.1 |      30 |      12 |  28.6
       D:13 |    3759 |    6341 |  62.8 |       6 |      11 |  64.7
       D:14 |    6617 |       0 |   0.0 |      17 |       0 |   0.0
       D:15 |   11779 |    2471 |  17.3 |      22 |       4 |  15.4
     Lair:1 |    8742 |    2196 |  20.1 |      35 |       9 |  20.5
     Lair:2 |    8645 |    1403 |  14.0 |      23 |       3 |  11.5
     Lair:3 |    6610 |       0 |   0.0 |      24 |       0 |   0.0
     Lair:4 |    5677 |    2074 |  26.8 |      19 |       5 |  20.8
     Lair:5 |   20809 |   13025 |  38.5 |      59 |      34 |  36.6
    Swamp:1 |   12146 |    5214 |  30.0 |      20 |       8 |  28.6
    Swamp:2 |   15295 |       0 |   0.0 |      28 |       0 |   0.0
    Swamp:3 |   18335 |   10317 |  36.0 |      34 |      12 |  26.1
    Swamp:4 |   10097 |    8051 |  44.4 |      18 |      14 |  43.8
    Snake:1 |   20319 |    1326 |   6.1 |      40 |       1 |   2.4
    Snake:2 |   20157 |   19697 |  49.4 |      38 |      29 |  43.3
    Snake:3 |   26844 |    9776 |  26.7 |      51 |      17 |  25.0
    Snake:4 |   28014 |   22469 |  44.5 |      61 |      30 |  33.0
      Orc:1 |    3145 |     776 |  19.8 |      34 |       1 |   2.9
      Orc:2 |    5583 |    6920 |  55.3 |      37 |      45 |  54.9
      Elf:1 |   17427 |   10898 |  38.5 |      31 |      16 |  34.0
      Elf:2 |   20294 |   25334 |  55.5 |      38 |      34 |  47.2
      Elf:3 |   10044 |   32926 |  76.6 |      19 |      30 |  61.2
   Vaults:1 |   27991 |   24003 |  46.2 |      42 |      29 |  40.8
   Vaults:2 |   42283 |   21218 |  33.4 |      52 |      28 |  35.0
   Vaults:3 |   18797 |   17039 |  47.5 |      31 |      21 |  40.4
   Vaults:4 |   16471 |   19501 |  54.2 |      20 |      24 |  54.5
    Crypt:1 |   20682 |       0 |   0.0 |      35 |       0 |   0.0
    Crypt:2 |   16279 |   11781 |  42.0 |      20 |       4 |  16.7
   Depths:1 |   24955 |   14203 |  36.3 |      32 |      11 |  25.6
   Depths:2 |   21933 |   25092 |  53.4 |      28 |      19 |  40.4
   Depths:3 |   40651 |   40977 |  50.2 |      52 |      36 |  40.9
   Depths:4 |   53731 |   20301 |  27.4 |      58 |      16 |  21.6
    Abyss:3 |   13632 |       0 |   0.0 |      25 |       0 |   0.0
     Bailey |       0 |    4799 | 100.0 |       0 |      28 | 100.0
            +---------+---------+-------+---------+---------+-------

Skill      XL: |  1  2  3  4  5  6  7  8  9 10 11 12 13 14 15 16 17 18 19 20 21 22 23 24 |
---------------+-------------------------------------------------------------------------+-----
Long Blades    | 3 4 6 7 9 11 14 | 14.0
Fighting       | 4 5 6 7 9 10 12 13 14 15 16 18 20 21 22 24 25 | 25.9
Shields        | 8 12 13 15 18 20 21 22 23 | 23.0
Invocations    | 4 5 8 10 | 10.0
Stealth        | 1 3 |  3.0
Dodging        | 1 4 5 6 8 10 11 12 13 15 | 15.0
Armour         | 4 6 8 10 11 14 15 16 19 20 21 22 23 | 23.2
Evocations     | 1 3 4 6 7 |  7.0
Translocations | 3 |  3.0
Throwing       | 6 7 8 10 11 13 15 16 17 18 | 18.2

Action                     |  1- 3 |  4- 6 |  7- 9 | 10-12 | 13-15 | 16-18 | 19-21 | 22-24 || total
---------------------------+-------+-------+-------+-------+-------+-------+-------+-------++-------
  Melee: Long sword        |    78 |    78 |   310 |       |       |       |       |       ||   466
         Headbutt          |     8 |    17 |    64 |   164 |   431 |   369 |   515 |   512 ||  2080
         Morningstar       |       |       |     3 |    86 |       |       |       |       ||    89
         Scimitar          |       |       |       |   675 |  1052 |   108 |       |       ||  1835
         Demon blade       |       |       |       |       |   628 |  1331 |  1648 |  1376 ||  4983
         Eudemon blade     |       |       |       |       |       |       |       |   134 ||   134
  Throw: Stone             |       |       |    56 |    23 |       |       |       |       ||    79
         Dart              |       |       |       |    21 |       |     5 |       |       ||    26
         Boomerang         |       |       |       |    16 |    82 |   257 |   115 |       ||   470
         Javelin           |       |       |       |     5 |    23 |    57 |    79 |    10 ||   174
 Invoke: Heroism           |       |       |       |    21 |    16 |    14 |    25 |    10 ||    86
         Finesse           |       |       |       |     1 |     2 |     2 |     1 |     1 ||     7
         Receive Weapon    |       |       |       |       |       |     1 |       |       ||     1
         Receive Armour    |       |       |       |       |       |     1 |       |       ||     1
  Evoke: Wand              |       |       |       |    25 |    11 |     1 |       |       ||    37
    Use: Potion            |       |     2 |     4 |     1 |     1 |     4 |     2 |     3 ||    17
         Scroll            |       |     6 |       |    14 |    18 |    14 |     6 |     8 ||    66
   Stab: Invisible         |       |       |       |     1 |       |       |       |       ||     1
         Petrified         |       |       |       |       |     1 |       |       |       ||     1
         Paralysed         |       |       |       |       |     1 |       |       |       ||     1
         Confused          |       |       |       |       |       |     3 |       |       ||     3
 Armour: Scale mail        |    63 |    46 |   101 |       |       |       |       |       ||   210
         Fire dragon scale |       |       |    65 |   353 |   434 |       |       |       ||   852
         Crystal plate arm |       |       |       |       |    82 |   648 |   568 |   617 ||  1915
         Skin              |       |       |       |       |       |       |    25 |     9 ||    34
  Dodge: Dodged            |    48 |    43 |   184 |   259 |   444 |   407 |   604 |   468 ||  2457
  Block: Buckler           |    15 |     9 |    48 |       |       |       |       |       ||    72
         Tower shield      |       |       |    13 |   848 |  2076 |  1999 |  1911 |  1997 ||  8844
         Reflection        |       |       |       |       |   114 |   199 |   135 |    13 ||   461

Illustrated notes

Table legend:
 A = Kills in this place as a percentage of kills in the entire game.
 B = Kills by you in this place as a percentage of kills by you in the entire game.
 C = Kills by friends in this place as a percentage of kills by friends in the entire game.
 D = Other kills in this place as a percentage of other kills in the entire game.
 E = Experience gained in this place as a percentage of experience gained in the entire game.
 F = Experience gained in this place divided by the number of levels of this place that you have seen.
                   A       B       C       D       E      F
               +-------+-------+-------+-------+-------+----------------------
         Total | 100.0 | 100.0 |   N/A | 100.0 | 100.0 | 21793.8
       Dungeon |  19.9 |  20.0 |   N/A |   0.0 |   7.5 | 5040.8
          Lair |  11.2 |  11.3 |   N/A |   0.0 |   6.9 | 13836.2
         Swamp |   7.1 |   7.0 |   N/A |  33.3 |   7.9 | 19863.8
     Snake Pit |  14.2 |  14.2 |   N/A |  11.1 |  14.8 | 37150.5
  Orcish Mines |   6.2 |   6.2 |   N/A |   0.0 |   1.6 | 8212.0
   Elven Halls |   8.9 |   8.8 |   N/A |  44.4 |  11.7 | 38974.3
        Vaults |  13.1 |  13.2 |   N/A |   0.0 |  18.7 | 46825.8
         Crypt |   3.1 |   3.1 |   N/A |   0.0 |   4.9 | 24371.0
        Depths |  13.4 |  13.4 |   N/A |  11.1 |  24.1 | 60460.8
         Abyss |   1.3 |   1.3 |   N/A |   0.0 |   1.4 | 13632.0
        Bailey |   1.5 |   1.5 |   N/A |   0.0 |   0.5 | 4799.0
               +-------+-------+-------+-------+-------+----------------------

Table legend: (Time is in decaauts)
 A = Elapsed time spent in this place.
 B = Non-inter-level travel time spent in this place.
 C = Inter-level travel time spent in this place.
 D = Time resting spent in this place.
 E = Time spent auto-exploring this place.
 F = Levels seen in this place.
 G = Mean time per level.
                   A        B        C        D        E       F      G
               +--------+--------+--------+--------+--------+-----+--------+
         Total |  71334 |  68000 |   3334 |  11477 |  43946 |  46 | 1550.7 |
       Dungeon |  21516 |  20415 |   1101 |   4742 |  11830 |  15 | 1434.4 |
        Temple |     57 |     57 |      0 |      0 |      0 |   1 |   57.0 |
          Lair |   7718 |   7225 |    493 |   1241 |   4376 |   5 | 1543.6 |
         Swamp |   6829 |   6619 |    210 |   2096 |   3602 |   4 | 1707.2 |
     Snake Pit |   8846 |   8316 |    530 |   1198 |   5510 |   4 | 2211.5 |
  Orcish Mines |   2409 |   2237 |    172 |    257 |   1464 |   2 | 1204.5 |
   Elven Halls |   5630 |   5462 |    168 |   1605 |   2935 |   3 | 1876.7 |
        Vaults |   7955 |   7478 |    477 |    114 |   6256 |   4 | 1988.8 |
         Crypt |   1601 |   1556 |     45 |      0 |   1268 |   2 |  800.5 |
        Depths |   8046 |   7911 |    135 |    151 |   6454 |   4 | 2011.5 |
         Abyss |    323 |    323 |      0 |      0 |    114 |   1 |  323.0 |
        Bailey |    397 |    397 |      0 |     71 |    135 |   1 |  397.0 |
               +--------+--------+--------+--------+--------+-----+--------+

Top non-repeatable levels by time:
 Swamp:3: 3002 daAuts
 Snake:2: 2825 daAuts
  Lair:5: 2731 daAuts
    D:11: 2725 daAuts
     D:7: 2724 daAuts
 Snake:3: 2462 daAuts
Depths:2: 2400 daAuts
Vaults:2: 2293 daAuts
   Elf:3: 2207 daAuts
     D:5: 2152 daAuts
Depths:3: 2115 daAuts
   Elf:2: 2115 daAuts
 Snake:1: 2089 daAuts
    D:12: 2003 daAuts
Vaults:1: 1979 daAuts
